 Dungeon Crawl Stone Soup version 0.29-a0-214-g17f627cfee (webtiles) character file.

Game seed: 7394638499282779787

3659 Rennog the Cleaver (level 10, -2/63 HPs)
             Began as a Hill Orc Fighter on Feb 25, 2022.
             Was a Follower of Beogh.
             Killed from afar by a starcursed mass (9 damage)
             ... with an accursed screaming
             ... on level 2 of the Abyss.
             The game lasted 00:14:36 (9315 turns).

Rennog the Cleaver (Hill Orc Fighter)               Turns: 9315, Time: 00:14:37

Health: -2/63      AC: 14    Str: 20    XL:     10   Next: 12%
Magic:  0/10       EV:  7    Int: 14    God:    Beogh [*.....]
Gold:   323        SH:  6    Dex: 20    Spells: 9/9 levels left

rFire   . . .      SeeInvis .   a - +0 war axe
rCold   . . .      Faith    .   c - +0 buckler
rNeg    . . .      Spirit   +   F - +0 plate armour
rPois   .          Reflect  .   (no helmet)
rElec   .          Harm     .   (no cloak)
rCorr   .          Rampage  .   D - +0 pair of gloves
Will    .....                   (no boots)
Stlth   ..........              y - amulet of guardian spirit
HPRegen 0.20/turn               s - +6 ring of dexterity
MPRegen 0.12/turn               B - +6 ring of intelligence

@: about to teleport
A: [frail 3]
a: Renounce Religion


You were on level 2 of the Abyss.
You worshipped Beogh.
Beogh was aware of your devotion.
You visited 1 branch of the dungeon, and saw 8 of its levels.
You visited the Abyss 1 time.

You collected 323 gold pieces.

Inventory:

Hand Weapons
 a - a +0 war axe (weapon)
 E - a +0 battleaxe
Missiles
 o - 2 throwing nets (quivered)
Armour
 b - a +0 scale mail
 c - a +0 buckler (worn)
 k - a +0 chain mail
 D - a +0 pair of gloves (worn)
 F - a +0 plate armour (worn)
Jewellery
 s - a +6 ring of dexterity (left hand)
 u - a ring of fire
 y - an amulet of guardian spirit (around neck)
 B - a +6 ring of intelligence (right hand)
 G - a ring of willpower
Wands
 d - a wand of mindburst (7)
 t - a wand of acid (8)
Scrolls
 e - 4 scrolls of identify
 g - 3 scrolls of vulnerability {unknown}
 j - a scroll of brand weapon {unknown}
 n - 4 scrolls of amnesia {unknown}
 p - a scroll of fear {unknown}
 q - a scroll of enchant weapon {unknown}
 v - a scroll of silence {unknown}
 w - a scroll of noise {unknown}
 x - 2 scrolls of enchant armour {unknown}
 z - a scroll of immolation {unknown}
 C - a scroll of blinking {unknown}
Potions
 f - a potion of heal wounds {unknown}
 h - a potion of attraction {unknown}
 l - a potion of curing
 m - a potion of haste {unknown}
 r - a potion of lignification {unknown}


   Skills:
 + Level 9.0 Fighting
 + Level 12.7 Axes
 + Level 6.9 Armour
 + Level 3.3 Dodging
 - Level 5.1 Shields


You had 9 spell levels left.
You didn't know any spells.
Your spell library contained the following spells:

 Spells                   Type           Power      Damage    Failure   Level
 Corpse Rot               Necr/Air       0%         N/A       100%        2
 Mephitic Cloud           Conj/Pois/Air  0%         N/A       100%        3
 Ozocubu's Armour         Ice            0%         N/A       100%        3
 Dispel Undead            Necr           0%         3d6       100%        4
 Alistair's Intoxication  Tmut/Pois      0%         N/A       100%        5
 Death Channel            Necr           0%         N/A       100%        6
 Dragon Form              Tmut           0%         N/A       100%        7
 Ozocubu's Refrigeration  Ice            0%         4d5       100%        7


Dungeon Overview and Level Annotations

Branches:
Dungeon (8/15)             Temple (0/1) D:7            Lair (0/6) D:8

Altars:
Ru

Shops:
D:1 !

Annotations:
D:8 Psyche


Innate Abilities, Weirdness & Mutations

[You are extremely frail. (-30% HP)]


Message History

The starcursed mass shrieks in your mind.
A starcursed mass splits.
The white imp hits you but does no damage.
You slash the white imp!
The white imp is almost dead.
A starcursed mass splits.
You block the white imp's attack.
You barely miss the white imp.
The white imp is almost dead.
You hit the white imp but do no damage.
The white imp is almost dead.
The white imp gestures at you. The puff of frost hits you.
A starcursed mass splits.
You hit the white imp.
The white imp is almost dead.
A chorus of shrieks assaults your mind. The white imp closely misses you.
The white imp barely misses you.
As you read the scroll of teleportation, it crumbles to dust.
You feel strangely unstable.
You feel the power of the Abyss delaying your translocation!
The white imp gestures at you. The puff of frost hits you!
* * * LOW HITPOINT WARNING * * *
You barely miss the white imp.
The white imp is almost dead.
The white imp barely misses you.
You slash the white imp!
You kill the white imp!
That felt strangely unrewarding.
You hit the starcursed mass but do no damage.
A starcursed mass splits.
A starcursed mass splits.
A starcursed mass splits. x2
A deafening chorus of shrieks assaults your mind!
* * * LOW HITPOINT WARNING * * *
You suddenly lose the ability to move!
You can move again.
A starcursed mass splits.
A chorus of shrieks assaults your mind.
You die...

## #. ## .
.##.# .##...
.#######...##.#
.
#.#..#.#......#
#..#.#.X.# #
#.#.#@###.# . .
#....###.## #
#...##..#....#
# ## #.XXX...#
. #
#..#X..#.#.#. .
#.##.## #.#..
#..
#....###......
#..#.#.X..##.##
# #..####.#X .
##..


You could see 4 starcursed masses.

Vanquished Creatures
  Grinder (D:3)
  3 yaks (D:8)
  A steam dragon (D:7)
  A warg (D:8)
  2 water moccasins
  2 orc warriors
  3 sky beasts
  A hornet zombie (D:7)
  A black bear (D:7)
  2 necrophages (D:5)
  A centaur (D:8)
  A phantom (D:4)
  A gnoll sergeant (D:8)
  A water moccasin zombie (D:4)
  2 small abominations (Abyss:2)
  6 killer bees (D:8)
  A water moccasin skeleton (D:5)
  A howler monkey (D:6)
  4 wights
  A bullfrog zombie (D:4)
  A centaur zombie (D:6)
  3 centaur skeletons
  6 orc priests
  A hound (D:6)
  Jessica (D:3)
  Ijyb (D:3)
  3 orc wizards
  3 iguanas
  4 hound zombies
  Robin (D:3)
  9 gnolls
  2 howler monkey skeletons
  6 adders
  3 white imps
  An ufetubus (D:6)
  An adder zombie (D:4)
  3 worms
  2 dart slugs
  8 orcs
  5 endoplasms
  5 giant cockroaches
  11 goblins
  18 hobgoblins
  7 jackals (D:1)
  15 kobolds
  3 ball pythons
  5 bats
  6 frilled lizards
  7 rats
177 creatures vanquished.

Vanquished Creatures (others)
  A boggart (D:8)
  An ufetubus (Abyss:1)
  An orc (D:8)
  An endoplasm (D:3)
  10 plants (D:3)
  7 withered plants (D:4)
21 creatures vanquished.

Grand Total: 198 creatures vanquished

Notes
Turn   | Place    | Note
-------+----------+-------------------------------------------
     0 | D:1      | Rennog the Hill Orc Fighter began the quest for the Orb.
     0 | D:1      | Reached XP level 1. HP: 19/19 MP: 1/1
    24 | D:1      | Found Gaenkui's Distillery.
    38 | D:1      | Reached skill level 3 in Axes
    43 | D:1      | Found a faded altar of an unknown god.
    50 | D:1      | Reached XP level 2. HP: 24/27 MP: 2/2
   307 | D:1      | Reached XP level 3. HP: 30/33 MP: 3/3
   347 | D:1      | Reached skill level 4 in Axes
  1101 | D:2      | Reached skill level 5 in Axes
  1101 | D:2      | Reached XP level 4. HP: 30/40 MP: 4/4
  1603 | D:3      | Noticed Robin
  1625 | D:3      | Killed Robin
  1897 | D:3      | Reached skill level 6 in Axes
  1897 | D:3      | Reached XP level 5. HP: 29/47 MP: 5/5
  2266 | D:3      | Noticed Grinder
  2274 | D:3      | Paralysed by Grinder for 5 turns
  2303 | D:3      | Killed Grinder
  2304 | D:3      | Reached skill level 8 in Axes
  2304 | D:3      | Reached XP level 6. HP: 21/55 MP: 6/6
  2526 | D:3      | Noticed Ijyb
  2537 | D:3      | Killed Ijyb
  2855 | D:3      | Noticed Jessica
  2859 | D:3      | Killed Jessica
  3135 | D:4      | Got the Papyrus of Shape Shifting and Flight
  3155 | D:4      | Reached skill level 5 in Fighting
  3306 | D:4      | Found a sacrificial altar of Ru.
  3310 | D:4      | Reached XP level 7. HP: 25/61 MP: 7/7
  3606 | D:4      | Reached skill level 9 in Axes
  4109 | D:5      | Entered Level 5 of the Dungeon
  4224 | D:5      | Reached skill level 10 in Axes
  4354 | D:5      | Reached XP level 8. HP: 56/70 MP: 8/8
  5137 | D:6      | Noticed a two-headed ogre
  5215 | D:6      | Reached skill level 11 in Axes
  5894 | D:6      | Became a worshipper of Beogh the Brigand
  6067 | D:7      | Reached XP level 9. HP: 76/79 MP: 9/9
  6103 | D:7      | Reached skill level 5 in Armour
  6103 | D:7      | Reached skill level 5 in Shields
  6382 | D:7      | Found a staircase to the Ecumenical Temple.
  6559 | D:7      | Reached skill level 1 in Dodging
  7190 | D:8      | Reached skill level 12 in Axes
  7432 | D:8      | Noticed Psyche
  7837 | D:8      | Reached XP level 10. HP: 45/90 MP: 6/10
  8529 | D:8      | Found a staircase to the Lair.
  8541 | D:8      | Reached * piety under Beogh
  8572 | D:8      | Cast into level 1 of the Abyss (Psyche)
  8612 | Abyss:1  | Noticed an ophan
  8644 | Abyss:1  | Noticed a smoke demon
  8737 | Abyss:2  | Noticed an orc knight
  8750 | Abyss:2  | Noticed a goliath frog
  8751 | Abyss:2  | Noticed a black mamba
  8751 | Abyss:2  | Noticed a naga ritualist
  8751 | Abyss:2  | Noticed a deep elf archer
  8751 | Abyss:2  | Noticed a deep elf zephyrmancer
  9080 | Abyss:2  | Noticed a sixfirhy
  9191 | Abyss:2  | Noticed a wretched star
  9296 | Abyss:2  | Noticed a starcursed mass
  9310 | Abyss:2  | Paralysed by accursed screaming for 1 turns
  9315 | Abyss:2  | Killed from afar by a starcursed mass

Illustrated notes

Levels and vault maps discovered:
D:1:      lightli_arrival_flooded_house, layout_rooms,
          ebering_ecumenical_altar_abandoned, serial_shops, shop,
          amcnicky_mini_corridor_feature, hex_medium
D:2:      layout_loops_ring, st_stairs_6, fountainhead
D:3:      layout_basic, lexackson_kobold_supper, uniq_jessica, uniq_ijyb,
          uniq_grinder, uniq_robin
D:4:      layout_rooms, lemuel_doored_altar, serial_undead, serial_undead_b,
          serial_undead_b, serial_undead_b, serial_undead_e, serial_undead_c,
          serial_undead_b
D:5:      layout_loops_ring
D:6:      layout_cave_pools
D:7:      layout_loops_ring, minmay_temple_entry_arrows, minmay_hedge_maze
D:8:      layout_basic, erik_lair_orcish_takeover, uniq_harold, uniq_psyche
Abyss:2:  base: D:4, hangedman_abyss_theft, small_statue_intersection,
          evilmike_abyss_exit_5, hangedman_decor_points,
          hangedman_abyss_river_spirits

Skill      XL: |  1  2  3  4  5  6  7  8  9 10 |
---------------+-------------------------------+-----
Axes           | 3 5 6 8 10 11 12 | 12.7
Fighting       | 4 5 6 7 8 9 |  9.0
Armour         | 4 6 |  6.9
Shields        | 4 5 |  5.1
Dodging        | 2 3 |  3.3

Action                   |  1- 3 |  4- 6 |  7- 9 | 10-12 || total
-------------------------+-------+-------+-------+-------++-------
Melee: War axe           |   109 |   145 |   381 |    87 ||   722
Invok: Convert to Beogh  |       |       |     1 |       ||     1
  Use: Potion            |       |     1 |       |     2 ||     3
       Scroll            |       |       |       |     6 ||     6
Armor: Scale mail        |    42 |       |       |       ||    42
       Chain mail        |    20 |    78 |   102 |       ||   200
       Plate armour      |       |       |    94 |    60 ||   154
Dodge: Dodged            |    58 |    48 |   105 |    48 ||   259
Block: Buckler           |    30 |    35 |   103 |    46 ||   214

Table legend: (Time is in decaauts)
 A = Elapsed time spent in this place.
 B = Non-inter-level travel time spent in this place.
 C = Inter-level travel time spent in this place.
 D = Time resting spent in this place.
 E = Time spent auto-exploring this place.
 F = Levels seen in this place.
 G = Mean time per level.
                   A        B        C        D        E       F      G
               +--------+--------+--------+--------+--------+-----+--------+
         Total |   9377 |   9110 |    267 |   1456 |   5882 |  10 |  937.7 |
       Dungeon |   8637 |   8370 |    267 |    932 |   5882 |   8 | 1079.6 |
         Abyss |    740 |    740 |      0 |    524 |      0 |   2 |  370.0 |
               +--------+--------+--------+--------+--------+-----+--------+

Top non-repeatable levels by time:
     D:3: 1810 daAuts
     D:5: 1486 daAuts
     D:7: 1401 daAuts
     D:8: 1148 daAuts
     D:2: 814 daAuts
     D:4: 794 daAuts
     D:1: 763 daAuts
 Abyss:2: 576 daAuts
     D:6: 418 daAuts
 Abyss:1: 163 daAuts
